 Dungeon Crawl Stone Soup version 0.29-a0-838-g385bb11a5b (webtiles) character file.

Game seed: 584149417958047037

242 bande the Covered (level 6, -14/38 HPs)
             Began as a Gargoyle Fighter on July 13, 2022.
             Was an Initiate of Okawaru.
             Demolished by an ogre
             ... wielding a +0 giant club
              (20 damage)
             ... on level 4 of the Dungeon.
             The game lasted 00:05:21 (4118 turns).

bande the Covered (Gargoyle Fighter)                Turns: 4118, Time: 00:05:22

Health: -14/38     AC: 15    Str: 20    XL:     6   Next: 9%
Magic:  6/6        EV:  9    Int:  8    God:    Okawaru [......]
Gold:   171        SH:  4    Dex: 11    Spells: 5/5 levels left

rFire   . . .      SeeInvis .   a - +1 war axe (vorpal)
rCold   . . .      Faith    .   c - +0 buckler
rNeg    + . .      Spirit   .   b - +0 scale mail
rPois   ∞          Reflect  .   (no helmet)
rElec   +          Harm     .   n - +1 cloak
rCorr   .          Rampage  .   (no gloves)
Will    .....                   q - +0 pair of boots
Stlth   ..........              (no amulet)
HPRegen 0.12/turn               (no ring)
MPRegen 0.10/turn               (no ring)

@: no status effects
A: sickness immunity, AC +4, negative energy resistance 1, electricity
resistance, torment resistance 1, petrification resistance
a: Renounce Religion


You were on level 4 of the Dungeon.
You worshipped Okawaru.
Okawaru was noncommittal.
You visited 2 branches of the dungeon, and saw 5 of its levels.

You collected 171 gold pieces.

Inventory:

Hand Weapons
 a - a +1 vorpal war axe (weapon)
 j - a +0 flail
 p - a +0 war axe
Armour
 b - a +0 scale mail (worn)
 c - a +0 buckler (worn)
 n - a +1 cloak (worn)
 q - a +0 pair of boots (worn)
Jewellery
 i - an amulet of magic regeneration
Wands
 o - a wand of digging (4)
Scrolls
 g - a scroll of enchant weapon
 k - 2 scrolls of teleportation
Potions
 d - 2 potions of might
 e - a potion of invisibility {unknown}
 f - a potion of berserk rage {unknown}
 h - 3 potions of heal wounds
 l - a potion of haste {unknown}
 m - a potion of cancellation {unknown}
 r - a potion of flight {unknown}


   Skills:
 + Level 4.0 Fighting
 + Level 4.1 Axes
 + Level 4.6 Armour
 + Level 3.8 Shields


You had 5 spell levels left.
You didn't know any spells.
Your spell library contained the following spells:

 Spells                   Type           Power      Damage    Failure   Level
 Foxfire                  Conj/Fire      0%         2x1d4     83%         1
 Necrotise                Necr           0%         1d4       83%         1
 Conjure Flame            Conj/Fire      0%         6-21      99%         3
 Dazzling Flash           Conj/Hex       0%         N/A       99%         3
 Inner Flame              Hex/Fire       0%         N/A       99%         3
 Vampiric Draining        Necr           0%         2d6       99%         3
 Flame Wave               Conj/Fire      0%         2d4       100%        4
 Agony                    Necr           0%         N/A       100%        5
 Silence                  Hex/Air        0%         N/A       100%        5


Dungeon Overview and Level Annotations

Branches:
Dungeon (4/15)             Temple (1/1) D:4

Altars:
Gozag
Hepliaklqana
Okawaru
Zin

Shops:
D:2 :


Innate Abilities, Weirdness & Mutations

You are immune to sickness and miasma.
Your stone body is resilient. (AC +4)
You are immune to poison.
You resist negative energy. (rN+)
You are resistant to electric shocks. (rElec)
You are resistant to unholy torment.
You are immune to petrification.


Message History

You open the door.
Found a hazy altar of Hepliaklqana.
There is an open door here.
There is an open door here.
You open the door.
Found an iron altar of Okawaru.
There is an open door here.
There is an iron altar of Okawaru here.
You kneel at the altar of Okawaru.
Okawaru welcomes you!
There is an open door here.
There is an open door here.
There is a staircase back to the Dungeon here.
You climb upwards.
Welcome back to the Dungeon!
There is a staircase to the Ecumenical Temple here.
k - 2 scrolls of teleportation (gained 1)
An ogre comes into view. It is wielding a +0 giant club.
The ogre shouts!
The ogre hits you with a +0 giant club!
You hit the ogre.
The ogre is lightly wounded.
You hit the ogre but do no damage.
The ogre is lightly wounded.
The ogre hits you with a +0 giant club!!
Ouch! That really hurt!
* * * LOW HITPOINT WARNING * * *
You are too injured to fight recklessly!
You are too injured to fight recklessly!
You are too injured to fight recklessly!
You are too injured to fight recklessly!
You are too injured to fight recklessly!
You are too injured to fight recklessly!
You closely miss the ogre.
The ogre is lightly wounded.
The ogre misses you.
You hit the ogre.
The ogre is moderately wounded.
The ogre hits you with a +0 giant club!!
Ouch! That really hurt!
You die...

#...#...#...#.....######
#.⌠...>...⌠.##......#.#.
#...#...#...#......##...
######.######..........#
#...#...#...#........#.#
#.⌠...⌠...⌠.#......#...#
#...#...#...#......#...#
##.###.######.#....#.###
#.. #..@# ####...#.# #.
#.⌠.O.⌠.##.......### #
#...#...#...##....#.
##########....##.....
###....#...............
#................##....
##...#.................
#...##................
###....#...............#


You could see an ogre.

Vanquished Creatures
  A jelly (D:4)
  Crazy Yiuf (D:2)
  Terence (D:2)
  3 gnolls (D:4)
  5 adders
  2 worms (D:2)
  An orc (D:3)
  5 endoplasms
  8 giant cockroaches
  9 goblins
  8 hobgoblins
  6 jackals
  6 quokkas
  6 ball pythons
  3 bats
  5 frilled lizards
  3 kobolds
  5 rats
78 creatures vanquished.

Notes
Turn   | Place    | Note
-------+----------+-------------------------------------------
     0 | D:1      | bande the Gargoyle Fighter began the quest for the Orb.
     0 | D:1      | Reached XP level 1. HP: 14/14 MP: 1/1
   580 | D:1      | Reached XP level 2. HP: 19/19 MP: 2/2
  1205 | D:2      | Reached XP level 3. HP: 15/23 MP: 3/3
  1535 | D:2      | Found Joole's Vocational Training.
  1655 | D:2      | Noticed Terence
  1665 | D:2      | Killed Terence
  1666 | D:2      | Reached XP level 4. HP: 19/29 MP: 4/4
  2075 | D:2      | Found a runed translucent door.
  2076 | D:2      | Noticed Crazy Yiuf
  2432 | D:2      | HP: 1/29 [Crazy Yiuf/+3 quarterstaff of chaos (10)]
  2435 | D:2      | Killed Crazy Yiuf
  2436 | D:2      | Reached XP level 5. HP: 2/33 MP: 5/5
  2802 | D:3      | Found a glowing silver altar of Zin.
  2802 | D:3      | Noticed an angel
  3098 | D:3      | Found an opulent altar of Gozag.
  3593 | D:4      | Reached XP level 6. HP: 38/38 MP: 6/6
  3830 | D:4      | Identified the +2 leather armour of Hedge Wizardry {rF+
                  | rC++ rN+ Str+2}
  4003 | D:4      | Found a staircase to the Ecumenical Temple.
  4010 | Temple   | Entered the Ecumenical Temple
  4088 | Temple   | Became a worshipper of Warmaster Okawaru
  4118 | D:4      | Demolished by an ogre

Illustrated notes

Levels and vault maps discovered:
D:1:      sevenhm_arrival_forest_fort_large_2, layout_rooms
D:2:      layout_basic, dk_vineyard_2, st_stairs_1, nicolae_shop_vocational,
          uniq_crazy_yiuf_cottage, uniq_terence
D:3:      layout_loops_ring, zin_angel, overflow_temple_1_default
D:4:      layout_cave_pools, minmay_temple_entry_nine_rooms,
          minmay_goblin_outpost
Temple:   nicolae_temple_figure_eight

Skill      XL: |  1  2  3  4  5 |
---------------+----------------+-----
Axes           | 2 3 4 |  4.1
Armour         | 4 |  4.6
Fighting       | 4 |  4.0
Shields        | |  3.8

Action                   |  1- 3 |  4- 6 || total
-------------------------+-------+-------++-------
Melee: War axe           |   111 |   121 ||   232
  Use: Scroll            |       |     8 ||     8
Armor: Scale mail        |    62 |    66 ||   128
Dodge: Dodged            |    61 |    54 ||   115
Block: Buckler           |    25 |    32 ||    57

Table legend: (Time is in decaauts)
 A = Elapsed time spent in this place.
 B = Non-inter-level travel time spent in this place.
 C = Inter-level travel time spent in this place.
 D = Time resting spent in this place.
 E = Time spent auto-exploring this place.
 F = Levels seen in this place.
 G = Mean time per level.
                   A        B        C        D        E       F      G
               +--------+--------+--------+--------+--------+-----+--------+
         Total |   4223 |   4077 |    146 |    997 |   2430 |   5 |  844.6 |
       Dungeon |   4127 |   3997 |    130 |    997 |   2356 |   4 | 1031.8 |
        Temple |     95 |     79 |     16 |      0 |     74 |   1 |   95.0 |
               +--------+--------+--------+--------+--------+-----+--------+

Top non-repeatable levels by time:
     D:2: 1615 daAuts
     D:1: 1212 daAuts
     D:4: 728 daAuts
     D:3: 571 daAuts
  Temple: 95 daAuts
